 Dungeon Crawl Stone Soup version 0.22-a0-608-g8a62e23 (webtiles) character file.

282 Hebeh the Magician (level 6, -1/32 HPs)
             Began as a Deep Elf Fire Elementalist on July 9, 2018.
             Killed by divine providence
             ... invoked by an orc priest
              (14 damage)
             ... on level 4 of the Dungeon.
             The game lasted 00:15:49 (3752 turns).

Hebeh the Magician (Deep Elf Fire Elementalist)     Turns: 3752, Time: 00:15:49

Health: -1/32      AC:  2    Str:  5    XL:     6   Next: 6%
Magic:  8/15       EV: 13    Int: 22    God:
Gold:   153        SH:  0    Dex: 15    Spells: 8/14 levels left

rFire    . . .     SeeInvis .   b - +0 hunting sling
rCold    . . .     Gourm    .   (no shield)
rNeg     . . .     Faith    .   r - +0 robe
rPois    .         Spirit   .   (no helmet)
rElec    .         Reflect  .   (no cloak)
rCorr    .         Harm     .   (no gloves)
MR       .....                  (no boots)
Stlth    ++........             (no amulet)
HPRegen  0.10/turn              (no ring)
MPRegen  0.14/turn              (no ring)

@: very slightly contaminated, slowed, very slow
A: no striking features
a: no special abilities


You were on level 4 of the Dungeon.
You were not hungry.

You visited 1 branch of the dungeon, and saw 4 of its levels.

You collected 153 gold pieces.

Inventory:

Hand Weapons
 a - a +1 dagger of protection
 b - a +0 hunting sling (weapon)
 e - a +1 dagger of venom
 s - a +0 trident
Missiles
 d - 23 sling bullets (quivered)
 f - 83 stones
Armour
 r - a +0 robe (worn)
Scrolls
 g - 5 scrolls of teleportation {unknown}
 h - a scroll of noise {unknown}
 l - 2 scrolls of identify {unknown}
 m - 4 scrolls of enchant armour {unknown}
 q - a scroll of magic mapping {unknown}
Potions
 i - a potion of heal wounds {unknown}
 j - 2 potions of brilliance {unknown}
 k - 5 potions of curing {unknown}
 n - 2 potions of lignification {unknown}
 o - 2 potions of agility {unknown}
 p - a potion of haste {unknown}
Comestibles
 c - 7 rations
 t - a chunk of flesh


   Skills:
 - Level 2.4 Dodging
 - Level 2.4 Stealth
 + Level 4.9 Spellcasting
 * Level 4.8 Conjurations
 + Level 4.6 Fire Magic


You had 8 spell levels left.
You knew the following spells:

 Your Spells              Type           Power        Failure   Level  Hunger
a - Flame Tongue          Conj/Fire      ####.        1%          1    None
b - Throw Flame           Conj/Fire      ####..       2%          2    None
c - Conjure Flame         Conj/Fire      ####....     4%          3    ##.....

Your spell library contained the following spells:

 Spells                   Type           Power        Failure   Level  Hunger
 Fireball                 Conj/Fire      ####......   38%         5    #####..
 Sticky Flame             Conj/Fire      ####....     14%         4    ####...
 Inner Flame              Hex/Fire       ###.....     12%         3    ##.....


Dungeon Overview and Level Annotations

Branches:
Dungeon (4/15)
 Temple: D:4-7

Altars:
Nemelex Xobeh


Message History

Aiming: Flame Tongue (safe; 1% risk of failure)
Press: ? - help, Shift-Dir - straight line, f/p - orc wizard
Aim: an orc wizard, wielding a dagger and wearing a robe (almost dead, fast)
The flame tongue hits the orc wizard.
You kill the orc wizard!
You have reached level 6!
Your experience leads to an increase in your attributes!
Increase (S)trength, (I)ntelligence, or (D)exterity?
You feel clever.
Casting: Flame Tongue (safe; 1% risk of failure)
Confirm with . or Enter, or press ? or * to list all spells.
Aiming: Flame Tongue (safe; 1% risk of failure)
Press: ? - help, Shift-Dir - straight line, f - orc priest
Aim: an orc priest, wearing a glowing leather armour You miscast Flame Tongue.
You are very lightly contaminated with residual magic.
Nothing appears to happen.
The orc priest closely misses you.
The orc priest calls down the wrath of Beogh upon you.
Beogh smites you!
You die...

#.P..# #.####### #..### #.......#
#########.#############.########
........>...........รท..........(
#.######..##....#######.####....
######..##....#####......#....
.........# #.o....o......#....
###......####o####o......#....
#........##@# #............
#........##.# #+###...#....
#............ #.....#.#
#............# #........
#......##....# #...#.#.#
#......##....# #.###.#.#
#.#######....# #.. #.#.# #.####
#....# #.# #.# #....# #..


You could see an orc priest and an orc.

Vanquished Creatures
  A hound (D:4)
  A centaur zombie (D:4)
  A centaur skeleton (D:4)
  An orc wizard (D:4)
  A worker ant (D:4)
  2 worker ant zombies (D:4)
  5 adders
  2 worms (D:3)
  2 dart slugs
  3 leopard geckos
  2 orcs (D:3)
  3 bats
  3 giant cockroaches
  11 goblins
  3 hobgoblins
  6 kobolds
  A quokka (D:3)
  2 ball python zombies (D:4)
  2 frilled lizards
  A jackal skeleton (D:4)
  6 rats
59 creatures vanquished.

Notes
Turn   | Place    | Note
-------+----------+-------------------------------------------
     0 | D:1      | Hebeh the Deep Elf Fire Elementalist began the quest for the Orb.
     0 | D:1      | Reached XP level 1. HP: 10/10 MP: 6/6
   305 | D:1      | Reached XP level 2. HP: 15/15 MP: 5/8
   841 | D:1      | Learned a level 2 spell: Throw Flame
  1012 | D:2      | Reached XP level 3. HP: 17/19 MP: 1/10
  1129 | D:2      | Learned a level 3 spell: Conjure Flame
  1667 | D:2      | Found a sparkling altar of Nemelex Xobeh.
  2200 | D:3      | Reached XP level 4. HP: 18/24 MP: 7/11
  3160 | D:4      | Reached XP level 5. HP: 28/28 MP: 10/13
  3751 | D:4      | Reached XP level 6. HP: 13/32 MP: 8/15
  3752 | D:4      | Killed from afar by an orc priest

Vault maps used:
D:1:      nicolae_arrival_somewhat_less_tricky_arrival
D:2:      wad_crossroads, nemelex_lonely_heart_becter
D:3:      first_ration
D:4:      gammafunk_temple_overflow_statue, serial_undead, serial_undead_f,
          serial_undead_b, serial_undead_b, serial_undead_f, serial_shops,
          kennysheep_little_box, roderic_serpentine_path

Skill      XL: |  1  2  3  4 |
---------------+-------------+-----
Conjurations   | 2 3 4 |  4.8
Spellcasting   | 4 |  4.9
Fire Magic     | 4 |  4.6
Dodging        | |  2.4
Stealth        | |  2.4

Action                   |  1- 3 |  4- 6 || total
-------------------------+-------+-------++-------
 Fire: Hunting sling     |    11 |    30 ||    41
 Cast: Flame Tongue      |    35 |    55 ||    90
       Throw Flame       |     9 |     2 ||    11
       Conjure Flame     |       |     1 ||     1
  Eat: Chunk             |     4 |     5 ||     9
Armor: Robe              |       |     4 ||     4
Dodge: Dodged            |     2 |    21 ||    23

Table legend:
 A = Spawn XP
 B = Non-spawn XP
 C = Spawn XP percentage of total XP
 D = Spawn monster count
 E = Non-spawn monster count
 F = Spawn count percentage of total count
 G = Total turns spent on level
                    A         B        C        D         E        F      G
               +---------+---------+-------+---------+---------+-------+---------
         Total |       0 |     403 |   0.0 |       0 |      59 |   0.0 |  3752
               +---------+---------+-------+---------+---------+-------+---------
           D:1 |       0 |      22 |   0.0 |       0 |      13 |   0.0 |   885
           D:2 |       0 |      63 |   0.0 |       0 |      15 |   0.0 |  1128
           D:3 |       0 |      51 |   0.0 |       0 |      16 |   0.0 |  1073
           D:4 |       0 |     267 |   0.0 |       0 |      15 |   0.0 |   666
               +---------+---------+-------+---------+---------+-------+---------
